 Dungeon Crawl Stone Soup version 0.26.0-45-g9c1d065592 (webtiles) character file.

Game seed: 14201998944211946736

111 kaeus the Skirmisher (level 4, -15/37 HPs)
             Began as a Demonspawn Fighter on Jan 29, 2021.
             Blown up by Ijyb (17 damage)
             ... with a disintegration bolt
             ... on level 3 of the Dungeon.
             The game lasted 00:02:11 (2607 turns).

kaeus the Skirmisher (Demonspawn Fighter)           Turns: 2607, Time: 00:02:11

Health: -15/37     AC: 14    Str: 18    XL:     4   Next: 62%
Magic:  4/4        EV:  3    Int:  9    God:
Gold:   184        SH:  9    Dex: 12    Spells: 3/3 levels left

rFire    . . .     SeeInvis .   a - +0 war axe
rCold    . . .     Faith    .   c - +0 kite shield
rNeg     . . .     Spirit   .   q - +0 plate armour
rPois    .         Reflect  .   (no helmet)
rElec    .         Harm     .   (no cloak)
rCorr    .         Rampage  .   h - +2 pair of gloves
Will     +....                  (no boots)
Stlth    ..........             (no amulet)
HPRegen  0.12/turn              e - ring of willpower
MPRegen  0.09/turn              (no ring)

@: no status effects
A: talons 1, powered by pain 1
a: no special abilities


You were on level 3 of the Dungeon.
You visited 1 branch of the dungeon, and saw 3 of its levels.

You collected 184 gold pieces.

Inventory:

Hand Weapons
 a - a +0 war axe (weapon)
Missiles
 i - 14 poisoned darts
 p - 148 stones
Armour
 c - a +0 kite shield (worn)
 h - a +2 pair of gloves (worn)
 q - a +0 plate armour (worn)
Jewellery
 b - a cursed -4 ring of slaying {unknown}
 e - a ring of willpower (left hand)
Scrolls
 f - 2 scrolls of teleportation {unknown}
 g - a scroll of enchant weapon {unknown}
 j - a scroll of immolation {unknown}
 l - 3 scrolls of identify {unknown}
 n - a scroll of remove curse {unknown}
 o - 2 scrolls of magic mapping {unknown}
 r - a scroll of blinking {unknown}
Potions
 d - a potion of might
 k - 2 potions of heal wounds {unknown}
 m - a potion of curing {unknown}
 s - 2 potions of lignification {unknown}


   Skills:
 + Level 3.7 Fighting
 + Level 2.6 Axes
 + Level 3.4 Armour
 + Level 3.4 Shields


You had 3 spell levels left.
You didn't know any spells.
Your spell library was empty.

Dungeon Overview and Level Annotations

Branches:
Dungeon (3/15)

Altars:
Hepliaklqana
Qazlal
Trog
Vehumet

Annotations:
D:3 Ijyb


Innate Abilities, Weirdness & Mutations

You have sharp toenails.
You sometimes gain a little power by taking damage.


Message History

Throw: 17 darts (poison)
Press: ? - help, Shift-Dir - straight line, f/p - Ijyb
Aim: Ijyb, wielding a +0 dagger, wearing a +0 scale mail and carrying a wand of disintegration (10) (lightly wounded, poisoned, 53% to hit)
You throw a poisoned dart. The poisoned dart closely misses Ijyb.
Ijyb zaps a wand.
You are blasted!
* * * LOW HITPOINT WARNING * * *
You take 16 damage, and have 1/37 hp.
MASSIVE DAMAGE!!
Fire/throw which item? (* to show all) (? for menu, Esc to quit)
Throw: 16 darts (poison)
Press: ? - help, Shift-Dir - straight line, f/p - Ijyb
Aim: Ijyb, wielding a +0 dagger, wearing a +0 scale mail and carrying a wand of disintegration (9) (lightly wounded, poisoned, 52% to hit)
You throw a poisoned dart. The poisoned dart hits Ijyb.
Ijyb looks even sicker.
Ijyb is lightly wounded.
Fire/throw which item? (* to show all) (? for menu, Esc to quit)
Throw: 15 darts (poison)
Press: ? - help, Shift-Dir - straight line, f/p - Ijyb
Aim: Ijyb, wielding a +0 dagger, wearing a +0 scale mail and carrying a wand of disintegration (9) (lightly wounded, very poisoned, 53% to hit)
You throw a poisoned dart. The poisoned dart closely misses Ijyb.
Ijyb zaps a wand.
You are blasted!
You die...

#.##.......#
#.##.......#
#.##.......# ..
+.<.....# #
#.......#
...#.###########
#####.# #.....#
.#####.###.#
#.........#@#
#######.#.#g#
#.#.#.# #.#.#(#
#.#.# #.#.#(#
..#.# #.#.#.#
#.#.# #.#.#.#
#.#.# #.#.#(#
#.#.# #.#.#


You could see Ijyb (very poisoned).

Vanquished Creatures
  4 adders
  An ooze (D:1)
  2 worms
  A dart slug (D:2)
  3 leopard geckos
  4 orcs (D:3)
  A ball python (D:2)
  9 hobgoblins
  6 jackals (D:1)
  3 bats
  A frilled lizard (D:1)
  7 goblins
  6 kobolds
  4 rats
52 creatures vanquished.

Notes
Turn   | Place    | Note
-------+----------+-------------------------------------------
     0 | D:1      | kaeus the Demonspawn Fighter began the quest for the Orb.
     0 | D:1      | Reached XP level 1. HP: 18/18 MP: 1/1
   229 | D:1      | Gained mutation: You sometimes gain a little power by
                  | taking damage. [demonic ancestry]
   229 | D:1      | Reached XP level 2. HP: 20/24 MP: 2/2
   863 | D:2      | Found a hazy altar of Hepliaklqana.
  1000 | D:2      | Gained mutation: You have sharp toenails. [demonic
                  | ancestry]
  1000 | D:2      | Reached XP level 3. HP: 24/29 MP: 3/3
  1050 | D:2      | Found a bloodstained altar of Trog.
  1119 | D:2      | Found a stormy altar of Qazlal.
  1568 | D:2      | Found a radiant altar of Vehumet.
  1675 | D:2      | Reached XP level 4. HP: 35/35 MP: 4/4
  2601 | D:3      | Noticed Ijyb
  2605 | D:3      | HP: 1/37 [disintegration (16)]
  2607 | D:3      | Blown up by Ijyb

Illustrated notes

Levels and vault maps discovered:
D:1:      dpeg_arrival_round_a, layout_rooms, due_unseen_surprise
D:2:      lemuel_upstairs_altar, layout_loops_ring, nzn_hepliaklqana_mist_gate,
          vehumet_crystals, old_standard_altar, trog_hazing_becter
D:3:      minmay_spotlight, layout_basic, uniq_ijyb

Skill      XL: |  1  2 |
---------------+-------+-----
Axes           | 2 |  2.6
Armour         | 3 |  3.4
Shields        | 3 |  3.4
Fighting       | |  3.7

Action                   |  1- 3 |  4- 6 || total
-------------------------+-------+-------++-------
Melee: War axe           |   100 |    36 ||   136
       Kick              |    14 |     6 ||    20
Throw: Dart              |     5 |     5 ||    10
Armor: Scale mail        |    49 |     1 ||    50
       Plate armour      |       |    28 ||    28
Dodge: Dodged            |    42 |     2 ||    44
Block: Kite shield       |    59 |    13 ||    72
